 Dungeon Crawl Stone Soup version 0.28.0-53-g5a82cb258f (webtiles) character file.

Game seed: 18371130268166451787

6444 VictoriousLee the Geomancer (level 10, -3/50 HPs)
             Began as a Gargoyle Earth Elementalist on July 20, 2022.
             Was an Initiate of the Shining One.
             Slain by a two-headed ogre
             ... wielding a +0 giant club
              (23 damage)
             ... on level 11 of the Dungeon.
             The game lasted 01:04:44 (11568 turns).

VictoriousLee the Geomancer (GrEE)                 Turns: 11568, Time: 01:04:47

Health: -3/50      AC: 21    Str: 12    XL:     10   Next: 99%
Magic:  19/25      EV: 11    Int: 20    God:    the Shining One [......]
Gold:   314        SH:  8    Dex: 10    Spells: 5/17 levels left

rFire   . . .      SeeInvis .   N - staff of conjuration
rCold   . . .      Faith    .   h - +0 buckler
rNeg    + . .      Spirit   .   Z - +2 leather armour {rPois}
rPois   ∞          Reflect  +   w - +1 helmet
rElec   +          Harm     .   v - +0 cloak
rCorr   .          Rampage  .   (no gloves)
Will    .....                   d - +1 pair of boots
Stlth   +.........              U - amulet of reflection
HPRegen 0.16/turn               k - +4 ring of protection
MPRegen 0.19/turn               q - ring of magical power

@: mighty, glowing
A: sickness immunity, AC +7, negative energy resistance 1, electricity
resistance, torment resistance 1, petrification resistance
a: Renounce Religion


You were on level 11 of the Dungeon.
You worshipped the Shining One.
The Shining One was noncommittal.
You visited 2 branches of the dungeon, and saw 12 of its levels.

You collected 599 gold pieces.
You spent 285 gold pieces at shops.

Inventory:

Hand Weapons
 r - a +1 antimagic whip
 u - a +0 hand axe
 L - a +1 mace of protection
 P - a +0 war axe
 V - a +4 dagger of freezing
 W - a +4 falchion
Missiles
 c - 95 stones
 l - 3 atropa-tipped darts
 m - a boomerang of dispersal
 F - 19 poisoned darts
 G - 6 javelins
 I - a throwing net
 S - 4 curare-tipped darts
Armour
 b - a +0 robe
 d - a +1 pair of boots (worn)
 h - a +0 buckler (worn)
 v - a +0 cloak (worn)
 w - a +1 helmet (worn)
 z - a +4 chain mail of cold resistance
 Z - a +2 leather armour of poison resistance (worn)
Magical Staves
 N - a staff of conjuration (weapon)
Jewellery
 j - a ring of willpower
 k - a +4 ring of protection (left hand)
 q - a ring of magical power (right hand)
 s - a ring of see invisible
 B - a +4 ring of protection
 D - a +6 ring of dexterity
 O - an amulet of magic regeneration
 U - an amulet of reflection (around neck)
Wands
 f - a wand of mindburst (17)
 y - a wand of charming (3)
 A - a wand of paralysis (2)
 E - a wand of flame (30)
Scrolls
 i - a scroll of brand weapon {unknown}
 p - a scroll of acquirement {unknown}
 t - 2 scrolls of magic mapping {unknown}
 K - 2 scrolls of blinking {unknown}
 Q - 2 scrolls of teleportation {unknown}
 R - a scroll of silence {unknown}
Potions
 a - 2 potions of brilliance
 e - 6 potions of curing
 g - 2 potions of heal wounds
 n - 3 potions of ambrosia
 o - 2 potions of flight
 x - 3 potions of might
 C - 2 potions of lignification
 H - a potion of berserk rage {unknown}
 J - a potion of magic {unknown}
 M - a potion of resistance {unknown}


   Skills:
 - Level 2.9 Maces & Flails
 - Level 1.5 Dodging
 - Level 2.1 Stealth
 + Level 4.0 Spellcasting
 - Level 11.1 Conjurations
 * Level 0.0 Translocations
 - Level 4.0 Transmutations
 - Level 12.4 Earth Magic
 * Level 3.2 Poison Magic


You had 5 spell levels left.
You knew the following spells:

 Your Spells              Type           Power      Damage    Failure   Level
a - Sandblast             Erth           100%       2d20      1%          1
b - Passwall              Tmut/Erth      30%        N/A       1%          2
c - Olgreb's Toxic Radia  Pois           16%        N/A       52%         4
d - Blink                 Tloc           8%         N/A       34%         2
s - Stone Arrow           Conj/Erth      100%       3d13      1%          3

Your spell library contained the following spells:

 Spells                   Type           Power      Damage    Failure   Level
 Sting                    Tmut/Pois      72%        1d6       5%          1
 Petrify                  Tmut/Erth      37%        N/A       8%          4
 Poisonous Vapours        Pois/Air       20%        N/A       19%         2
 Hailstorm                Conj/Ice       39%        3d9       24%         4
 Irradiate                Conj/Tmut      25%        3d22      28%         5
 Gell's Gravitas          Tloc           4%         N/A       56%         3
 Lesser Beckoning         Tloc           4%         N/A       56%         3
 Teleport Other           Tloc           4%         N/A       56%         3
 Ice Form                 Ice/Tmut       12%        N/A       69%         4
 Manifold Assault         Tloc           4%         N/A       99%         5
 Dispersal                Tloc           2%         N/A       100%        6
 Simulacrum               Ice/Necr       2%         N/A       100%        6
 Sublimation of Blood     Necr           Unusable   N/A       N/A         2

Dungeon Overview and Level Annotations

Branches:
Dungeon (11/15)            Temple (1/1) D:5            Lair (0/6) D:9
    Orc (0/2) D:9

Altars:
Ashenzari
Cheibriados
Dithmenos
Elyvilon
Fedhas
Gozag
Hepliaklqana
Kikubaaqudgha
Makhleb
Nemelex Xobeh
Okawaru
Qazlal
Ru
Sif Muna
Trog
Uskayaw
Vehumet
Wu Jian
Xom
Yredelemnul
Zin
The Shining One
Lugonu

Shops:
D:7 *   D:9 [

Annotations:
D:6 1 runed translucent door, bchevrier's ghost, novice GnWn
D:8 2 transporters


Innate Abilities, Weirdness & Mutations

You are immune to sickness and miasma.
Your stone body is resilient. (AC +7)
You are immune to poison.
You resist negative energy. (rN+)
You are resistant to electric shocks. (rElec)
You are resistant to unholy torment.
You are immune to petrification.


Message History

Aim: a two-headed ogre, wielding a +0 giant club and a +0 giant spiked club (chance to affect: 31%)
Okay, then.
Okay, then.
You feel very mighty all of a sudden.
You hit the manticore.
The manticore is lightly wounded.
The manticore bites you!
The manticore claws you but does no damage.
The manticore completely misses you.
Aiming: Stone Arrow (safe; 1% risk of failure)
Press: ? - help, Q - select action, (/) - cycle Shift-Dir - straight line, f - two-headed ogre
Aim: a two-headed ogre, wielding a +0 giant club and a +0 giant spiked club (haloed, 92% to hit)
You feel a surge of power!
The stone arrow hits the two-headed ogre!!
The two-headed ogre is heavily wounded.
The manticore bites you but does no damage.
The manticore claws you but does no damage.
The manticore barely misses you. You block the two-headed ogre's attack.
The two-headed ogre hits you with a +0 giant spiked club!!
* * * LOW HITPOINT WARNING * * *
You feel much better. The manticore completely misses you.
The manticore claws you but does no damage. x2
The two-headed ogre hits you with a +0 giant club!
You block the two-headed ogre's attack.
Aiming: Stone Arrow (safe; 1% risk of failure)
Press: ? - help, Q - select action, (/) - cycle Shift-Dir - straight line, f/p - two-headed ogre
Aim: a two-headed ogre, wielding a +0 giant club and a +0 giant spiked club (heavily wounded, haloed, 92% to hit)
You can't see any item there.
Okay, then.
Aiming: Stone Arrow (safe; 1% risk of failure)
Press: ? - help, Q - select action, (/) - cycle Shift-Dir - straight line, f/p - two-headed ogre
Aim: a two-headed ogre, wielding a +0 giant club and a +0 giant spiked club (heavily wounded, haloed, 92% to hit)
You feel a surge of power!
The stone arrow hits the two-headed ogre!!
The two-headed ogre is severely wounded.
You carefully extract the barbed spikes from your body.
The manticore closely misses you. The manticore claws you.
The manticore closely misses you.
The two-headed ogre hits you with a +0 giant club!!
You die...

##...Y..Y..
#########......Y...
#.......#....YY.o..
#..<....#..........
#...........(.....##
#####..####....##..
##.####....)..#
#..@H#.# ..#
####OY.##..#
#Y.#....#
##...##....# #.#.#
#.# #.#.#
#..H^....?.....
#.........#....
#........... ..


You could see a two-headed ogre, a manticore and 2 yaks.

Vanquished Creatures
  Erolcha (D:9)
  Psyche (D:8)
  A hornet (D:9)
  Grinder (D:3)
  7 yaks
  2 humans (D:7)
  Duvessa (D:4)
  5 water moccasins
  3 black bears
  2 orc warriors
  An ogre (D:4)
  A centaur (D:9)
  2 necrophages
  A phantom (D:6)
  2 bullfrogs (D:9)
  5 scorpions
  A kobold brigand (D:9)
  A jelly (D:5)
  Dowan (D:4)
  6 killer bees (D:10)
  7 wights
  3 howler monkeys
  3 electric eels (D:6)
  A crimson imp (D:8)
  2 hounds
  2 centaur zombies
  2 bullfrog skeletons (D:6)
  3 iguanas
  Ijyb (D:4)
  A scorpion zombie (D:5)
  6 orc wizards
  A killer bee zombie (D:8)
  A hound skeleton (D:4)
  A howler monkey zombie (D:4)
  6 adders
  3 gnolls (D:5)
  2 shadow imps
  2 white imps
  3 ufetubi
  An adder skeleton (D:4)
  3 dart slugs
  14 orcs
  7 endoplasms
  5 giant cockroaches
  9 goblins
  5 hobgoblins
  4 jackals (D:3)
  2 quokkas
  16 ball pythons
  3 bats (D:1)
  9 frilled lizards
  12 kobolds
  8 rats
193 creatures vanquished.

Vanquished Creatures (others)
  33 fungi (D:9)
  28 plants
61 creatures vanquished.

Grand Total: 254 creatures vanquished

Notes
Turn   | Place    | Note
-------+----------+-------------------------------------------
     0 | D:1      | VictoriousLee the Gargoyle Earth Elementalist began the
                  | quest for the Orb.
     0 | D:1      | Reached XP level 1. HP: 10/10 MP: 3/3
   232 | D:1      | Reached skill level 4 in Earth Magic
   304 | D:1      | Reached XP level 2. HP: 12/15 MP: 5/5
   792 | D:1      | Reached XP level 3. HP: 19/19 MP: 3/6
   794 | D:1      | Reached skill level 5 in Earth Magic
  1334 | D:2      | Learned a level 3 spell: Stone Arrow
  1350 | D:2      | Reached skill level 1 in Conjurations
  1350 | D:2      | Reached XP level 4. HP: 21/24 MP: 2/7
  1507 | D:2      | Found a faded altar of an unknown god.
  1689 | D:2      | Found a hide-covered altar of Uskayaw.
  2615 | D:3      | Noticed Grinder
  2649 | D:3      | Paralysed by Grinder for 7 turns
  2664 | D:3      | Killed Grinder
  2665 | D:3      | Reached skill level 6 in Earth Magic
  2665 | D:3      | Reached XP level 5. HP: 28/28 MP: 8/8
  2665 | D:3      | Reached XP level 6. HP: 32/32 MP: 9/9
  3381 | D:3      | You fall into a shaft and drop 2 floors!
  3381 | D:5      | Entered Level 5 of the Dungeon
  3590 | D:4      | Reached skill level 5 in Conjurations
  3735 | D:4      | Noticed Ijyb
  3770 | D:4      | Killed Ijyb
  3898 | D:4      | Reached XP level 7. HP: 36/36 MP: 10/10
  3901 | D:4      | Learned a level 2 spell: Passwall
  3941 | D:4      | Noticed Duvessa
  3954 | D:4      | Noticed Dowan
  3961 | D:4      | Killed Duvessa
  3962 | D:4      | Reached skill level 7 in Earth Magic
  3964 | D:4      | Killed Dowan
  4416 | D:4      | Found a blossoming altar of Fedhas.
  5255 | D:5      | Reached XP level 8. HP: 41/41 MP: 10/11
  5432 | D:5      | Reached skill level 8 in Earth Magic
  5970 | D:5      | Found a staircase to the Ecumenical Temple.
  5979 | Temple   | Entered the Ecumenical Temple
  6113 | D:5      | Found a broken altar of Ashenzari.
  6293 | D:6      | Found the +4 dagger "Morg" {pain, Will+ Int+5}
  6330 | D:6      | Reached skill level 9 in Earth Magic
  6340 | D:6      | Reached skill level 1 in Maces & Flails
  6661 | D:6      | Found a basalt altar of Yredelemnul.
  6674 | D:6      | Reached XP level 9. HP: 45/45 MP: 12/12
  6889 | D:6      | Found a runed translucent door.
  6889 | D:6      | Noticed bchevrier's ghost (novice GnWn)
  7414 | D:7      | Found Zext's Assorted Antiques.
  7441 | D:7      | Bought a thin amethyst amulet for 150 gold pieces
  7457 | D:7      | Bought a pair of boots for 135 gold pieces
  7632 | D:7      | Found an iron altar of Okawaru.
  7642 | D:7      | Reached skill level 10 in Earth Magic
  8380 | D:7      | Found a bloodstained altar of Trog.
  8534 | D:8      | Found a white marble altar of Elyvilon.
  8535 | D:8      | Noticed Psyche
  8542 | D:8      | Killed Psyche
  8543 | D:8      | Reached skill level 10 in Conjurations
  8543 | D:8      | Reached skill level 11 in Earth Magic
  8613 | D:8      | Reached skill level 1 in Transmutations
  8624 | D:8      | Found a transporter.
  8626 | D:8      | Noticed a purple ugly thing
  8629 | D:8      | Found a corrupted altar of Lugonu.
  8629 | D:8      | Noticed a red ugly thing
  8629 | D:8      | Noticed a purple ugly thing
  8631 | D:8      | Noticed a white ugly thing
  8737 | D:8      | Found a transporter.
  8737 | D:8      | Found the +9 sword of Zonguldrok {reap}
  8913 | D:8      | Reached XP level 10. HP: 50/50 MP: 13/13
  9457 | D:9      | Found a staircase to the Lair.
 10000 | D:9      | Noticed Erolcha
 10004 | D:9      | Killed Erolcha
 10005 | D:9      | Reached skill level 12 in Earth Magic
 10113 | D:9      | Found a glowing golden altar of the Shining One.
 10265 | D:9      | Found Haida's Dragon-Slaying Spoils.
 10309 | D:9      | Found a staircase to the Orcish Mines.
 10501 | D:9      | Learned a level 4 spell: Olgreb's Toxic Radiance
 10501 | D:9      | Became a worshipper of the Shining One
 10521 | D:10     | Entered Level 10 of the Dungeon
 10532 | D:10     | Reached skill level 1 in Poison Magic
 10613 | D:10     | Found a sparkling altar of Nemelex Xobeh.
 10913 | D:10     | Learned a level 2 spell: Blink
 11058 | D:10     | Found a hide-covered altar of Uskayaw.
 11127 | D:10     | Found an ornate altar of the Wu Jian Council.
 11553 | D:11     | Noticed a two-headed ogre
 11555 | D:11     | Noticed a deep elf pyromancer
 11555 | D:11     | Noticed a manticore
 11568 | D:11     | Slain by a two-headed ogre

Illustrated notes

Levels and vault maps discovered:
D:1:      nicolae_arrival_memento_mori, layout_loops_ring
D:2:      layout_loops_ring, basic_altar, shapermc_ecumenical_altar_totnotflames
D:3:      layout_loops_corners, uniq_grinder
D:4:      layout_loops_cross, general_overflow_altar, minmay_lizard_king,
          uniq_ijyb, uniq_duvessa
D:5:      layout_basic, ashenzari_altar_1, minmay_temple_entry_hall
D:6:      layout_loops_ring, mainiacjoe_overflow_chevrons,
          gammafunk_ghost_grave, nrook_pool_corridor, kennysheep_boxes
D:7:      layout_basic, okawaru_humans, trog_book, kennysheep_small_square
D:8:      gammafunk_corrupted_shrine, layout_cave_pools,
          mainiacjoe_overflow_paths, minmay_fire_ice_demons, uniq_psyche
D:9:      layout_loops_ring, lemuel_tele_altar, due_lair_maze_entry_diamond,
          nicolae_shop_dragon_depot, uniq_erolcha
D:10:     layout_stronghold, pdpol_wu_jian_five_deadly_venoms,
          nicolae_uskayaw_suspiria, nemelex_xobeh_ov_fountains_minmay
D:11:     kennysheep_kobold_lugonu_temple, layout_rooms, lemuel_flamethrower_2
Temple:   nicolae_temple_hex_pool

Skill      XL: |  1  2  3  4  5  6  7  8  9 10 |
---------------+-------------------------------+-----
Earth Magic    | 4 5 6 7 9 11 12 | 12.4
Conjurations   | 1 4 5 7 8 10 11 | 11.1
Maces & Flails | 2 |  2.9
Transmutations | 1 4 |  4.0
Spellcasting   | 4 |  4.0
Poison Magic   | 3 |  3.2
Dodging        | |  1.5
Stealth        | |  2.1

Action                   |  1- 3 |  4- 6 |  7- 9 | 10-12 || total
-------------------------+-------+-------+-------+-------++-------
Melee: Short sword       |    64 |    32 |       |       ||    96
       Whip              |       |   125 |    44 |       ||   169
       Dagger            |       |       |     7 |     8 ||    15
       Mace              |       |       |       |     6 ||     6
       Staff             |       |       |       |     1 ||     1
 Cast: Sandblast         |    32 |    39 |    24 |    23 ||   118
       Stone Arrow       |       |     3 |    96 |    34 ||   133
  Use: Scroll            |       |     4 |     2 |     7 ||    13
       Potion            |       |       |       |     4 ||     4
 Stab: Sleeping          |       |     2 |     1 |       ||     3
Armor: Robe              |    45 |    45 |    20 |       ||   110
       Leather armour    |       |       |     2 |    24 ||    26
Dodge: Dodged            |    58 |    89 |    34 |    28 ||   209
Block: Buckler           |     8 |    25 |     9 |    19 ||    61
       Reflection        |       |       |       |     1 ||     1
